 Dungeon Crawl Stone Soup version 0.24-a0-520-g8fd06ad0bc (webtiles) character file.

Game seed: 18303414613867367506

50 vurker the Bolt Thrower (level 4, -1/27 HPs)
             Began as a Kobold Hunter on July 27, 2019.
             Slain by an adder (4 damage)
             ... on level 2 of the Dungeon.
             The game lasted 00:02:02 (1395 turns).

vurker the Bolt Thrower (Kobold Hunter)             Turns: 1395, Time: 00:02:03

Health: -1/27      AC:  4    Str: 10    XL:     4   Next: 4%
Magic:  4/4        EV: 14    Int: 12    God:
Gold:   111        SH:  0    Dex: 15    Spells: 3/3 levels left

rFire    . . .     SeeInvis .   a - +1 hand crossbow
rCold    . . .     Gourm    .   (shield restricted)
rNeg     . . .     Faith    .   c - +0 leather armour
rPois    .         Spirit   .   (no helmet)
rElec    .         Reflect  .   h - +0 cloak
rCorr    .         Harm     .   (no gloves)
MR       .....                  (no boots)
Stlth    ++........             (no amulet)
HPRegen  0.09/turn              (no ring)
MPRegen  0.09/turn              (no ring)

@: lethally poisoned (-1 -> -4)
A: small, carnivore
a: no special abilities


You were on level 2 of the Dungeon.
You were completely stuffed.

You visited 1 branch of the dungeon, and saw 2 of its levels.

You collected 111 gold pieces.

Inventory:

Hand Weapons
 a - a +1 hand crossbow (weapon)
 b - a +0 short sword
Missiles
 d - 12 bolts (quivered)
Armour
 c - a +0 leather armour (worn)
 h - a +0 cloak (worn)
   (You found it on level 1 of the Dungeon)
Scrolls
 j - 6 scrolls of identify {unknown}
 k - a scroll of teleportation {unknown}
 m - a scroll of blinking {unknown}
Potions
 f - 3 potions of lignification {unknown}
 g - a potion of invisibility {unknown}
 i - a potion of curing {unknown}
 l - a potion of magic {unknown}
 n - a potion of cancellation {unknown}
Comestibles
 e - 2 rations
 o - 3 chunks of flesh


   Skills:
 + Level 2.7 Fighting
 * Level 2.4 Short Blades
 * Level 5.6 Crossbows
 - Level 2.4 Dodging
 - Level 1.3 Stealth


You had 3 spell levels left.
You didn't know any spells.
Your spell library was empty.

Dungeon Overview and Level Annotations

Branches:
Dungeon (2/15)

Altars:
Hepliaklqana
Ru


Innate Abilities, Weirdness & Mutations

You are small and have problems with some larger weapons.
You are carnivorous and can eat meat at any time.


Message History

There are monsters nearby!
There are monsters nearby!
The goblin shouts!
You hear an angry hiss.
The goblin wields a +0 hunting sling.
The goblin shoots a stone.
The stone barely misses you.
The goblin shoots a stone.
The stone completely misses you.
An adder comes into view.
The adder hisses angrily.
The goblin shoots a stone.
The stone hits you but does no damage.
You see here a stone.
You see here a stone.
You hit the kobold but do no damage. The kobold misses you.
The goblin shoots a stone.
The stone misses you.
You hit the kobold.
You kill the kobold!
a - a +1 hand crossbow (weapon)
Firing (i - inventory)
d - 18 bolts (quivered)
Aim: an adder You shoot a bolt.
The bolt hits the adder but does no damage.
The adder closely misses you. The adder bites you.
Firing (i - inventory)
d - 17 bolts (quivered)
Aim: an adder You shoot a bolt.
The bolt hits the adder.
The adder bites you.
The goblin shoots a stone.
The stone misses you.
Firing (i - inventory)
d - 16 bolts (quivered)
Aim: an adder (heavily wounded)
You shoot a bolt. The bolt barely misses the adder.
The adder bites you.
You are poisoned.
The adder poisons you!
The goblin shoots a stone.
The stone hits you. The adder completely misses you.
Firing (i - inventory)
d - 15 bolts (quivered)
Aim: an adder (heavily wounded)
You shoot a bolt. The bolt closely misses the adder.
You feel sick. The adder bites you.
* * * LOW HITPOINT WARNING * * *
The goblin shoots a stone.
The stone hits you.
* * * LOW HITPOINT WARNING * * *
The adder closely misses you.
Firing (i - inventory)
d - 14 bolts (quivered)
Aim: an adder (heavily wounded)
You shoot a bolt. The bolt barely misses the adder.
You feel sick. The adder bites you.
* * * LOW HITPOINT WARNING * * *
The goblin unwields a +0 hunting sling.
The goblin hits you but does no damage.
Firing (i - inventory)
d - 13 bolts (quivered)
Aim: an adder (heavily wounded)
You shoot a bolt. The bolt hits the adder.
The adder misses you. The adder bites you.
You die...

#....)...# ..#
#........# #.#
#..[(.÷..####'#######
#......(.'...........
#........##÷.........
#.(.(.(_.##..........
#........##÷.........
#........##..........
#...@....##..........
#%.Sg†...##..........
#........##..........
#........##..........
..........##..........
...........##..........
.....#########.........
(.... #........


You could see an adder and a goblin.

Vanquished Creatures
  2 worms (D:2)
  3 dart slugs (D:1)
  3 bats
  3 giant cockroaches
  8 goblins
  7 hobgoblins
  2 frilled lizards
  3 kobolds
  4 rats
35 creatures vanquished.

Notes
Turn   | Place    | Note
-------+----------+-------------------------------------------
     0 | D:1      | vurker the Kobold Hunter began the quest for the Orb.
     0 | D:1      | Reached XP level 1. HP: 12/12 MP: 1/1
    98 | D:1      | Reached skill level 1 in Short Blades
    98 | D:1      | Reached skill level 5 in Crossbows
    98 | D:1      | Reached XP level 2. HP: 18/18 MP: 2/2
   548 | D:1      | Reached XP level 3. HP: 22/22 MP: 3/3
  1136 | D:2      | Found a sacrificial altar of Ru.
  1190 | D:2      | Found a hazy altar of Hepliaklqana.
  1308 | D:2      | Reached XP level 4. HP: 23/27 MP: 4/4
  1395 | D:2      | Slain by an adder

Levels and vault maps discovered:
D:1:      saegor_arrival_simple_e, layout_loops_corners, minmay_misc_feat_cross
D:2:      layout_basic, overflow_temple_1_default, cheibriados_altar_1,
          nicolae_ru_sacrificial_ziggurat

Skill      XL: |  1  2  3 |
---------------+----------+-----
Short Blades   | 1 2 |  2.4
Crossbows      | 5 |  5.6
Fighting       | |  2.7
Dodging        | |  2.4
Stealth        | |  1.3

Action                   |  1- 3 |  4- 6 || total
-------------------------+-------+-------++-------
Melee: Short sword       |   114 |     4 ||   118
 Fire: Hand crossbow     |    20 |     6 ||    26
 Stab: Sleeping          |     1 |       ||     1
  Eat: Chunk             |     9 |     1 ||    10
Armor: Leather armour    |    21 |     2 ||    23
Dodge: Dodged            |    70 |    11 ||    81

Table legend:
 A = Non-vault XP
 B = Vault XP
 C = Vault XP percentage of total XP
 D = Non-vault monster count
 E = Vault monster count
 F = Vault count percentage of total count
                 A         B        C        D         E       F
            +---------+---------+-------+---------+---------+-------
      Total |      72 |       0 |   0.0 |      35 |       0 |   0.0
            +---------+---------+-------+---------+---------+-------
        D:1 |      49 |       0 |   0.0 |      24 |       0 |   0.0
        D:2 |      23 |       0 |   0.0 |      11 |       0 |   0.0
            +---------+---------+-------+---------+---------+-------
